 Dungeon Crawl Stone Soup version bcrawl-1.27.1d (webtiles) character file.

Game seed: 3160865485920123813

161063 Freyura the Skirmisher (level 5, -6/37 HPs)
             Began as a Kobold Fighter on July 19, 2020.
             Killed by divine providence
             ... invoked by an orc priest
              (10 damage)
             ... on level 3 of the Dungeon.
             The game lasted 00:05:14 (1602 turns).

Freyura the Skirmisher (Kobold Fighter)             Turns: 1602, Time: 00:05:14

Health: -6/37      AC:  5    Str: 18    XL:     5   Next: 13%
Magic:  6/6        EV:  9    Int: 10    God:
Gold:   214        SH: 10    Dex: 15    Spells: 4/4 levels left

rFire    . . .     SeeInvis .   a - +0 rapier
rCold    . . .     Gourm    .   c - +0 medium shield
rNeg     . . .     Faith    .   b - +0 robe
rPois    .         Spirit   .   (no helmet)
rElec    .         Reflect  .   (no cloak)
rCorr    .         Harm     .   (no gloves)
MR       .....                  h - +2 pair of boots {Fly}
Stlth    ++........             (no amulet)
HPRegen  0.12/turn              (no ring)
MPRegen  0.10/turn              (no ring)

@: mighty, flying
A: small, talons 1, carnivore, mutation resistance 1
a: Stop Flying


You were on level 3 of the Dungeon.
You were hungry.

You visited 1 branch of the dungeon, and saw 3 of its levels.

You collected 214 gold pieces.

Inventory:

Hand Weapons
 a - a +0 rapier (weapon)
Armour
 b - a +0 robe (worn)
 c - a +0 medium shield (worn)
 h - a +2 pair of boots of flying (worn)
Scrolls
 f - 6 scrolls of identify
 g - a scroll of teleportation
 j - 4 scrolls of remove curse
Potions
 i - a potion of brilliance
 k - a potion of haste
 m - a potion of magic {unknown}
Comestibles
 e - 5 rations {!d}


   Skills:
 + Level 3.9 Fighting
 + Level 3.6 Short Blades
 - Level 3.0 Armour
 + Level 1.9 Dodging
 + Level 2.4 Stealth
 + Level 3.8 Shields
 + Level 1.6 Evocations


You had 4 spell levels left.
You didn't know any spells.
Your spell library was empty.

Dungeon Overview and Level Annotations

Branches:
Dungeon (3/12)

Altars:


Innate Abilities, Weirdness & Mutations

You are small and have problems with some larger weapons.
You have sharp toenails.
You are carnivorous and can eat meat at any time.
You are somewhat resistant to further mutation.


Message History

The orc priest is heavily wounded.
The orc priest hits you with a cursed +0 short sword!
The orc closely misses you. The orc wizard closely misses you.
Your shield prevents you from hitting the orc priest.
The orc priest is heavily wounded.
You block the orc priest's attack. The orc hits you with a +0 trident.
The orc wizard casts a spell at you. You resist with some effort.
The orc priest mumbles some strange prayers to Beogh against you.
Beogh smites you!
* * * LOW HITPOINT WARNING * * *
You hit the orc priest.
The orc priest is heavily wounded.
The orc wizard closely misses you. The orc hits you but does no damage.
You feel very mighty all of a sudden.
The orc wizard hits you but does no damage.
The orc barely misses you.
The orc priest invokes the aid of Beogh against you.
Beogh smites you!
You die...

.# ####.## ##...###.
#..... #........ .....#
#....... #....####
#...... #.......# #...#
#.o..# #...# #@#.###.#
#####...########oo.....#
......................>..
#####..........#......[..
#........#.....#.#.##
#........#.##....# ..
...###.....#.##....# #
... #.....#.##..#.# ....
#.....#..#..#...


You could see an orc priest, an orc wizard and an orc.

Vanquished Creatures
  An orc wizard (D:3)
  An ooze (D:1)
  2 dart slugs
  6 leopard geckos
  5 orcs
  A ball python (D:1)
  3 bats
  2 giant cockroaches (D:1)
  7 hobgoblins
  3 jackals (D:1)
  6 kobolds
  6 frilled lizards
  8 goblins
  5 rats
56 creatures vanquished.

Vanquished Creatures (others)
  A kobold (D:2)
1 creature vanquished.

Grand Total: 57 creatures vanquished

Notes
Turn   | Place    | Note
-------+----------+-------------------------------------------
     0 | D:1      | Freyura the Kobold Fighter began the quest for the Orb.
     0 | D:1      | Reached XP level 1. HP: 16/16 MP: 1/1
    65 | D:1      | Reached XP level 2. HP: 19/21 MP: 2/2
   148 | D:1      | Reached skill level 1 in Stealth
   241 | D:1      | Reached skill level 1 in Dodging
   241 | D:1      | Reached XP level 3. HP: 26/26 MP: 3/3
   932 | D:2      | Reached XP level 4. HP: 31/33 MP: 4/4
   936 | D:2      | Reached skill level 1 in Evocations
  1398 | D:3      | Reached XP level 5. HP: 37/37 MP: 6/6
  1602 | D:3      | Killed from afar by an orc priest

Skill      XL: |  1  2  3  4 |
---------------+-------------+-----
Stealth        | 1 2 |  2.4
Short Blades   | 3 |  3.6
Dodging        | 1 |  1.9
Evocations     | 1 |  1.6
Fighting       | |  3.9
Armour         | |  3.0
Shields        | |  3.8

Action                   |  1- 3 |  4- 6 || total
-------------------------+-------+-------++-------
Melee: Rapier            |   109 |    85 ||   194
       Kick              |     5 |       ||     5
  Use: Scroll            |     5 |     2 ||     7
       Potion            |       |     1 ||     1
 Stab: Sleeping          |       |     1 ||     1
  Eat: Chunk             |     4 |     4 ||     8
Armor: Scale mail        |    87 |    14 ||   101
       Leather armour    |       |     8 ||     8
       Robe              |       |     9 ||     9
Dodge: Dodged            |    25 |    34 ||    59
Block: Medium shield     |    65 |    36 ||   101
